 Dungeon Crawl Stone Soup version 0.29.1-12-g30fa7ad0bf (webtiles) character file.

Game seed: 13682319076179916073

16755 Revguard the Blocker (level 12, -7/92 HPs)
             Began as a Demonspawn Fighter on Jan 12, 2023.
             Was a Priest of Ru.
             Mangled by a centaur warrior
             ... wielding the +6 long sword of the Genius {antimagic, rC+ Int+5}
              (11 damage)
             ... on level 11 of the Dungeon.
             The game lasted 00:38:31 (10714 turns).

Revguard the Blocker (Demonspawn Fighter)          Turns: 10714, Time: 00:38:33

Health: -7/92      AC: 15    Str: 25    XL:     12   Next: 12%
Magic:  0/12       EV: 12    Int: 11    God:    Ru [***...]
Gold:   565        SH: 13    Dex: 14    Spells: 11/11 levels left

rFire   + . .      SeeInvis .   G - +9 war axe (freeze)
rCold   . . .      Faith    .   t - +2 kite shield
rNeg    . . .      Spirit   +   m - +4 ring mail
rPois   .          Reflect  .   (helmet restricted)
rElec   +          Harm     .   z - +0 cloak
rCorr   .          Rampage  .   (no gloves)
Will    .....                   (no boots)
Stlth   +.........              r - amulet of the acrobat
HPRegen 0.25/turn               b - +6 ring of dexterity
MPRegen 0.26/turn               e - ring of Efugorph {rElec rF+ AC+4 Str+5 Dex-5}

@: exhausted, unable to read
A: hooves 1, horns 1, magic shield, magic regeneration, inability to read after
injury 2, hated by all, demonic touch 2
a: Renounce Religion, Draw Out Power


You were on level 11 of the Dungeon.
You worshipped Ru.
Ru was most pleased with you.
You visited 1 branch of the dungeon, and saw 11 of its levels.
You also visited: Ossuary.

You collected 617 gold pieces.
You spent 52 gold pieces at shops.

Inventory:

Hand Weapons
 a - a +2 war axe
 G - a +9 war axe of freezing (weapon)
Missiles
 p - a throwing net (quivered)
Armour
 m - a +4 ring mail (worn)
 t - a +2 kite shield (worn)
 z - a +0 cloak (worn)
Jewellery
 b - a +6 ring of dexterity (left hand)
 c - a ring of see invisible
 e - the ring of Efugorph (right hand) {rElec rF+ AC+4 Str+5 Dex-5}
   (You acquired it on level 5 of the Dungeon)

   [ring of protection]

   AC:        It affects your AC (+4).
   Str:       It affects your strength (+5).
   Dex:       It affects your dexterity (-5).
   rF:        It protects you from fire.
   rElec:     It insulates you from electricity.
 g - a ring of flight
 r - an amulet of the acrobat (around neck)
 s - a ring of poison resistance
Wands
 k - a wand of mindburst (4)
 o - a wand of roots (3)
 u - a wand of light (5)
 C - a wand of polymorph (13)
 D - a wand of digging (15)
Scrolls
 d - 3 scrolls of silence
 h - a scroll of enchant weapon
 i - a scroll of blinking
 l - 3 scrolls of teleportation
 y - a scroll of fear
 F - a scroll of fog
 H - a scroll of amnesia
Potions
 f - 8 potions of curing
 j - 4 potions of flight
 n - a potion of ambrosia
 q - a potion of magic
 v - a potion of brilliance
 x - 5 potions of attraction
 A - 2 potions of lignification
 I - a potion of might


   Skills:
 + Level 7.7 Fighting
 * Level 9.5 Axes
 + Level 7.0 Armour
 + Level 6.4 Dodging
 * Level 9.7 Shields
 - Level 0.1 Invocations
 + Level 6.9 Evocations


You had 11 spell levels left.
You didn't know any spells.
Your spell library contained the following spells:

 Spells                   Type           Power      Damage    Failure   Level
 Foxfire                  Conj/Fire      0%         2x1d4     75%         1
 Slow                     Hex            0%         N/A       75%         1
 Confusing Touch          Hex            0%         N/A       98%         3
 Conjure Flame            Conj/Fire      0%         6-21      98%         3
 Inner Flame              Hex/Fire       0%         N/A       98%         3
 Portal Projectile        Hex/Tloc       0%         N/A       98%         3
 Vampiric Draining        Necr           0%         2d6       98%         3
 Flame Wave               Conj/Fire      0%         2d4       100%        4
 Leda's Liquefaction      Hex/Erth       0%         N/A       100%        4
 Passage of Golubria      Tloc           0%         N/A       100%        4
 Yara's Violent Unravell  Hex/Tmut       0%         3d3       100%        5
 Call Canine Familiar     Summ           Unusable   N/A       N/A         3
 Tukima's Dance           Hex            Unusable   N/A       N/A         3

Dungeon Overview and Level Annotations

Branches:
Dungeon (11/15)            Temple (0/1) D:4            Lair (0/5) D:9
    Orc (0/2) D:11        Ossuary (visited)

Altars:
Cheibriados
Kikubaaqudgha
Nemelex Xobeh
Okawaru
Qazlal
Ru

Shops:
D:1 :![[?   D:2 [   D:4 [

Portals:
Trove: D:11 (show abyssal rune of Zot)

Annotations:
D:3 1 transporter


Innate Abilities, Weirdness & Mutations

You have large cloven feet.
You have a pair of small horns on your head.
When hurt, damage is shared between your health and your magic reserves.
You regenerate magic rapidly.
You sometimes lose the ability to read scrolls when taking damage.
You are hated by all.
Your touch may inflict irresistible damage on your foes.


Message History

* * * LOW HITPOINT WARNING * * *
Unknown command.
Okay, then.
You feel better.
The grasping roots constrict the skeletal warrior.
The roots release their grip on the skeletal warrior.
A yak comes into view.
You block the boulder beetle's attack.
The boulder beetle stops rolling and uncurls.
A yak comes into view.
The yak gores you!
* * * LOW HITPOINT WARNING * * *
You block the skeletal warrior's attack.
You closely miss the skeletal warrior.
The yak bellows!
You kick the skeletal warrior, but do no damage.
The skeletal warrior is severely damaged.
You hit the boulder beetle but do no damage.
You slash the yak! You freeze the yak.
You hear a bellow!
The centaur warrior is stunned by your conviction and fails to attack.
A centaur comes into view.
You block the yak's attack.
A yak comes into view.
The boulder beetle bites you!
* * * LOW HITPOINT WARNING * * *
The skeletal warrior closely misses you.
You hear a bellow!
You feel better.
The centaur warrior unwields a +0 shortbow.
The centaur warrior wields the +6 long sword of the Genius {antimagic, rC+ Int+5}.
The centaur warrior hits you with the +6 long sword of the Genius {antimagic, rC+ Int+5}!
* * * LOW HITPOINT WARNING * * *
The centaur warrior kicks you but does no damage.
You block the skeletal warrior's attack.
You block the yak's attack.
A yak comes into view.
You block the boulder beetle's attack.
The centaur warrior hits you with the +6 long sword of the Genius {antimagic, rC+ Int+5}!
You die...

################## .
.................#######...
...><............).........
###.............[)..l......
# #..........###)###.......
# #.........##.)@z.##......
# #........##..BYc..##.....
#..#######...?.....######
#..# .............# #..#
#.....c._.....# ###..#
......Y#Y.....# .....#
#....._ Y...... .....#
....... Y....#. ....##


You could see a boulder beetle, a skeletal warrior, a centaur warrior, 5 yaks
and a centaur.

Vanquished Creatures
  A boulder beetle (D:11)
  A great orb of eyes (D:10)
  A centaur warrior (D:11)
  The ghost of kalagan the Thaumaturge, a journeyman DECj of Sif Muna (D:10)
  Urug (D:11)
  Pikel (D:8)
  3 cyclopes (D:11)
  2 manticores (D:11)
  Maurice (D:9)
  The ghost of tykejmi the Thaumaturge, a novice DEIE (D:5)
  A gargoyle (D:11)
  Psyche (D:8)
  3 kobold demonologists
  Maggie (D:7)
  5 trolls
  3 slime creatures (D:10)
  2 wraiths (Ossuary)
  2 vampires (D:10)
  9 yaks
  Grum (D:8)
  A wyvern (D:10)
  A basilisk (D:11)
  Menkaure (D:7)
  A vampire mosquito (D:11)
  An acid dragon (D:11)
  2 water moccasins
  Duvessa (D:6)
  An ice beast (D:7)
  3 orc warriors
  A black bear (D:8)
  6 wolves
  2 phantoms (D:6)
  5 kobold brigands
  2 gnoll sergeants
  A wyvern zombie (D:6)
  2 necrophages
  4 scorpions
  4 bullfrogs
  A water moccasin zombie (D:6)
  6 wights
  Dowan (D:6)
  14 killer bees (D:9)
  A howler monkey (D:5)
  3 quasits (D:3)
  2 bullfrog zombies (D:6)
  The ghost of Zippel the Ducker, a weakling SpWn (D:3)
  7 hounds
  A jelly (D:10)
  4 orc priests
  A gnoll bouda (D:5)
  2 bullfrog skeletons (D:6)
  2 orc wizards (D:11)
  Natasha (thrice) (D:4)
  2 iguanas
  2 howler monkey zombies (D:6)
  A howler monkey skeleton (D:6)
  10 adders
  12 gnolls
  A shadow imp (D:5)
  An ufetubus (D:6)
  A worm (D:3)
  2 dart slugs (D:3)
  24 orcs
  2 bat zombies (D:11)
  4 endoplasms
  5 giant cockroaches
  2 goblins (D:2)
  6 hobgoblins
  3 jackals (D:1)
  27 kobolds
  4 quokkas
  5 ball pythons
  A ball python skeleton (Ossuary)
  4 bats
  3 frilled lizards
  A hobgoblin zombie (Ossuary)
  2 kobold zombies (Ossuary)
  An orc skeleton (Ossuary)
  4 orc zombies (Ossuary)
  A rat (D:3)
260 creatures vanquished.

Vanquished Creatures (others)
  An ogre mage (D:11)
  A wyvern (D:5)
  An orc warrior (D:9)
  An orc (D:5)
  A ball python (D:3)
  2 kobolds
  2 withered plants (D:6)
9 creatures vanquished.

Grand Total: 269 creatures vanquished

Notes
Turn   | Place    | Note
-------+----------+-------------------------------------------
     0 | D:1      | Revguard the Demonspawn Fighter began the quest for the
                  | Orb.
     0 | D:1      | Reached XP level 1. HP: 18/18 MP: 1/1
    38 | D:1      | Found a faded altar of an unknown god.
    52 | D:1      | Prayed at the altar of an unknown god.
    52 | D:1      | Became a worshipper of Ru the Awakened
    59 | D:1      | Gained mutation: You are hated by all. [Ru sacrifice]
    59 | D:1      | Reached * piety under Ru
    59 | D:1      | Reached ** piety under Ru
   158 | D:1      | Found Kuwkamao's Armour Shop.
   170 | D:1      | Found Xeotopn's Distillery.
   318 | D:1      | Found Jepaija's Antique Armour Shop.
   334 | D:1      | Discovered your monstrous ancestry.
   334 | D:1      | Gained mutation: You have a pair of small horns on your
                  | head. [demonic ancestry]
   334 | D:1      | Reached XP level 2. HP: 12/24 MP: 2/2
   578 | D:1      | Found Wext's Magic Scroll Shop.
   588 | D:1      | Bought a scroll of identify for 26 gold pieces
   588 | D:1      | Bought a scroll of identify for 26 gold pieces
   670 | D:1      | Found Veqylioc's Book Boutique.
   866 | D:2      | Gained mutation: You regenerate magic rapidly. [demonic
                  | ancestry]
   866 | D:2      | Reached XP level 3. HP: 16/29 MP: 3/3
  1397 | D:2      | Found Towk's Antique Armour Boutique.
  1783 | D:3      | Reached skill level 1 in Evocations
  1783 | D:3      | Gained mutation: You have large cloven feet. [demonic
                  | ancestry]
  1783 | D:3      | Reached XP level 4. HP: 12/35 MP: 4/4
  2006 | D:3      | Reached skill level 1 in Dodging
  2186 | D:3      | Found a transporter.
  2207 | D:3      | Noticed Zippel's ghost (weakling SpWn)
  2222 | D:3      | Found a transporter.
  2484 | D:3      | Found a sparkling altar of Nemelex Xobeh.
  2668 | D:3      | Reached XP level 5. HP: 27/41 MP: 5/5
  2669 | D:3      | Killed Zippel's ghost
  2849 | D:4      | Found a staircase to the Ecumenical Temple.
  2941 | D:4      | Gained mutation: You occasionally lose the ability to read
                  | scrolls when taking damage. [Ru sacrifice]
  2941 | D:4      | Gained mutation: You sometimes lose the ability to read
                  | scrolls when taking damage. [Ru sacrifice]
  2941 | D:4      | Reached *** piety under Ru
  3029 | D:4      | Found Yxubb's Armour Boutique.
  3123 | D:4      | Noticed Natasha
  3132 | D:4      | Killed Natasha
  3133 | D:4      | Gained mutation: Your touch may inflict minor irresistible
                  | damage on your foes. [demonic ancestry]
  3133 | D:4      | Reached XP level 6. HP: 39/48 MP: 6/6
  3363 | D:4      | Noticed Natasha
  3370 | D:4      | Killed Natasha
  3403 | D:4      | Noticed Natasha
  3410 | D:4      | Killed Natasha
  3417 | D:5      | Entered Level 5 of the Dungeon
  3566 | D:5      | Noticed a wyvern
  3578 | D:5      | Killed a wyvern
  3579 | D:5      | Gained mutation: When hurt, damage is shared between your
                  | health and your magic reserves. [demonic ancestry]
  3579 | D:5      | Reached XP level 7. HP: 21/54 MP: 7/7
  3868 | D:5      | Found a runed translucent door.
  3891 | D:5      | Noticed tykejmi's ghost (novice DEIE)
  4550 | D:5      | Killed tykejmi's ghost
  4551 | D:5      | Reached skill level 5 in Shields
  4551 | D:5      | Reached XP level 8. HP: 60/61 MP: 8/8
  4568 | D:5      | Identified a scroll of acquirement
  4569 | D:5      | Acquired the ring of Efugorph {rElec rF+ AC+4 Str+5 Dex-5}
  4676 | D:6      | Reached skill level 5 in Axes
  4689 | D:6      | Found a sand-covered staircase.
  4692 | Ossuary  | Entered an ossuary
  4789 | Ossuary  | Noticed a flying skull
  4798 | Ossuary  | Noticed a flying skull
  4836 | Ossuary  | Noticed a flying skull
  4894 | Ossuary  | Noticed a flying skull
  4973 | Ossuary  | Reached skill level 5 in Fighting
  5521 | D:6      | Noticed Duvessa
  5521 | D:6      | Noticed Dowan
  5536 | D:6      | Killed Duvessa
  5537 | D:6      | Reached XP level 9. HP: 68/68 MP: 9/9
  5544 | D:6      | Killed Dowan
  6169 | D:7      | Noticed Maggie
  6178 | D:7      | Killed Maggie
  6374 | D:7      | Reached skill level 5 in Armour
  6692 | D:7      | Noticed Menkaure
  6697 | D:7      | Killed Menkaure
  6897 | D:8      | Noticed Psyche
  6901 | D:8      | Killed Psyche
  7007 | D:8      | Noticed Grum
  7016 | D:8      | Killed Grum
  7017 | D:8      | Reached XP level 10. HP: 71/76 MP: 10/10
  7124 | D:8      | Noticed Pikel
  7132 | D:8      | Killed Pikel
  7133 | D:8      | Reached skill level 5 in Evocations
  7888 | D:9      | Reached skill level 5 in Dodging
  7923 | D:9      | Found a staircase to the Lair.
  8267 | D:9      | Noticed Maurice
  8275 | D:9      | Killed Maurice
  8525 | D:10     | Entered Level 10 of the Dungeon
  8525 | D:10     | Noticed kalagan's ghost (journeyman DECj)
  8525 | D:10     | Found a runed translucent gate.
  8525 | D:10     | Found a runed translucent gate.
  8525 | D:10     | Found a runed translucent gate.
  8594 | D:10     | Reached XP level 11. HP: 29/83 MP: 6/11
  9235 | D:10     | Noticed a great orb of eyes
  9248 | D:10     | Killed a great orb of eyes
  9265 | D:10     | Killed kalagan's ghost
  9672 | D:11     | Found a portal to a secret trove of treasure.
 10240 | D:11     | Found a staircase to the Orcish Mines.
 10355 | D:11     | Noticed Urug
 10364 | D:11     | Killed Urug
 10371 | D:11     | Found an ancient bone altar of Kikubaaqudgha.
 10652 | D:11     | Found a sparkling altar of Nemelex Xobeh.
 10653 | D:11     | Found an iron altar of Okawaru.
 10654 | D:11     | Found a stormy altar of Qazlal.
 10654 | D:11     | Found a snail-covered altar of Cheibriados.
 10654 | D:11     | Noticed a boulder beetle
 10675 | D:11     | Noticed an ogre mage
 10681 | D:11     | Noticed a centaur warrior
 10689 | D:11     | Paralysed by something for 3 turns
 10690 | D:11     | Killed an ogre mage
 10692 | D:11     | Killed a centaur warrior
 10697 | D:11     | Killed a boulder beetle
 10697 | D:11     | Identified the +1 ring mail of Ciol {Regen+}
 10698 | D:11     | Gained mutation: Your touch may inflict irresistible damage
                  | on your foes. [demonic ancestry]
 10698 | D:11     | Reached XP level 12. HP: 15/92 MP: 4/12
 10708 | D:11     | Noticed a boulder beetle
 10708 | D:11     | Identified the +6 long sword of the Genius {antimagic, rC+
                  | Int+5}
 10708 | D:11     | Noticed a centaur warrior
 10714 | D:11     | HP: 4/92 [centaur warrior/the +6 long sword of the Genius
                  | {antimagic, rC+ Int+5} (6)]
 10714 | D:11     | Mangled by a centaur warrior

Illustrated notes

Levels and vault maps discovered:
D:1:      kennysheep_arrival_seaside, layout_basic, basic_ecumenical_altar,
          serial_shops, nicolae_shop_trees, nicolae_shop_behind_doors,
          nicolae_shop_advertising_works [nicolae_subvault_shop_adworks], shop,
          nicolae_diamond_shop
D:2:      layout_rooms, serial_shops, shop, kennysheep_generic_room_5
D:3:      layout_basic, nemelex_spade_bored_becter, gammafunk_ghost_stat_death,
          minmay_misc_feat_hallway, kennysheep_generic_room_7
D:4:      layout_rooms, minmay_temple_entry_ruins, serial_shops, shop_fountains,
          minivault_5, chequers_serial_rivers_micro_d, st_stairs_14,
          uniq_natasha
D:5:      layout_basic, ebering_ghost_sewer_d, hex_tiny
D:6:      layout_loops_corners, lightli_ossuary_entry_decrepit_ruins,
          serial_undead, serial_undead_f, serial_undead_d, serial_undead_d,
          serial_undead_e, serial_undead_a, serial_undead_e, minivault_23,
          uniq_duvessa
D:7:      layout_loops_ring, uniq_menkaure, uniq_maggie
D:8:      layout_loops_ring, uniq_pikel, uniq_grum, uniq_psyche
D:9:      layout_loops_ring, erik_lair_island, minmay_misc_feat_rugged,
          uniq_maurice
D:10:     layout_rooms, gammafunk_ghost_ooze
D:11:     minmay_the_grid_octo_tiled_squarecenter_mashed
          [minmay_the_grid_octo_pinwheel, minmay_the_grid_octo_vomiting_pacman,
          minmay_the_grid_octo_tetromino_candy, minmay_the_grid_octo_shrine,
          minmay_the_grid_square_5x5_megaprize_open,
          minmay_the_grid_square_5x5_doubleslash,
          minmay_the_grid_square_5x5_moneybag, minmay_the_grid_square_5x5_eight,
          minmay_the_grid_square_5x5_v], layout_irregular_city,
          nicolae_trove_entry_crossroad, grunt_ministairs_14,
          lemuel_zombie_altar_kikubaaqudgha, uniq_urug

Skill      XL: |  1  2  3  4  5  6  7  8  9 10 11 12 |
---------------+-------------------------------------+-----
Axes           | 2 3 4 5 6 8 9 |  9.5
Armour         | 3 4 5 6 7 |  7.0
Shields        | 3 4 5 7 8 9 |  9.7
Evocations     | 1 2 3 4 5 6 |  6.9
Dodging        | 1 2 3 4 5 6 |  6.4
Fighting       | 4 5 6 7 |  7.7
Invocations    | |  0.1

Action                   |  1- 3 |  4- 6 |  7- 9 | 10-12 || total
-------------------------+-------+-------+-------+-------++-------
Melee: War axe           |    93 |    79 |   234 |   218 ||   624
       Headbutt          |     6 |    12 |    42 |    42 ||   102
       Kick              |       |    14 |    70 |    73 ||   157
Invok: Sacrifice Love    |     1 |       |       |       ||     1
       Sacrifice Words   |       |     1 |       |       ||     1
       Reject Sacrifices |       |       |     1 |       ||     1
       Draw Out Power    |       |       |       |     5 ||     5
Evoke: Wand              |       |       |       |    18 ||    18
  Use: Scroll            |     2 |    14 |    10 |     3 ||    29
       Potion            |     1 |     2 |     1 |    12 ||    16
 Stab: Invisible         |       |       |     2 |     1 ||     3
Armor: Scale mail        |    61 |    11 |       |       ||    72
       Plate armour      |       |    70 |       |       ||    70
       Ring mail         |       |    10 |    72 |   129 ||   211
       Skin              |       |       |    17 |       ||    17
Dodge: Dodged            |    53 |    45 |   100 |   128 ||   326
Block: Buckler           |    36 |       |       |       ||    36
       Kite shield       |       |    70 |   135 |   187 ||   392
